 Dungeon Sprint DCSS version 0.31-a0-339-gda1cbd555d (webtiles) character file.

Game seed: 12961884029940228432

21900000 Monkooky the Ninja (level 27, -9/199 HPs)
             Began as a Kobold Warper on July 20, 2023.
             Was the Champion of Makhleb.
             Succumbed to a scourge's poison arrow
             ... in the Dungeon (Sprint VIII: "Arena of Blood").
             The game lasted 00:07:52 (219 turns).

Monkooky the Ninja (Kobold Warper)                   Turns: 219, Time: 00:07:52

Health: -9/199     AC:  6    Str: 12    XL:     27
Magic:  15/54      EV: 35    Int: 20    God:    Makhleb [******]
Gold:   0          SH:  0    Dex: 19    Spells: 73/80 levels left

rFire   + . .        j - +∞ Axe of Woe
rCold   . . .        (shield currently unavailable)
rNeg    . . .        b - +0 leather armour
rPois   .            (no helmet)
rElec   .            (no cloak)
rCorr   .            (no gloves)
SInv    +            (no boots)
Will    ++...        (no amulet)
Stlth   ++           c - ring of see invisible
HPRegen 0.53/turn    k - ring of protection from fire
MPRegen 0.34/turn

%: no teleportation
@: confused, lethally poisoned (-9 -> -93), slowed, very slow
A: small, no large weapons, nightstalker 3
0: Orb of Zot
a: Renounce Religion, Minor Destruction, Lesser Servant of Makhleb, Major
Destruction, Greater Servant of Makhleb


You were in the Dungeon.
You worshipped Makhleb.
Makhleb was exalted by your worship.
You visited 1 branch

Inventory:

Hand Weapons
 a - a +0 hand axe
 j - the +∞ Axe of Woe (weapon)
   (You found it in the Dungeon)
Missiles
 d - 7 boomerangs of dispersal
Armour
 b - a +0 leather armour (worn)
Jewellery
 c - a ring of see invisible (left hand)
 k - a ring of protection from fire (right hand)
 l - a +100 ring of slaying
Potions
 e - a potion of curing
 f - a potion of heal wounds
 g - a potion of haste
 h - 2 potions of magic
 i - a potion of berserk rage


   Skills:
 O Level 27 Fighting
 O Level 27 Short Blades
 O Level 27 Long Blades
 O Level 27 Axes
 O Level 27 Maces & Flails
 O Level 27 Polearms
 O Level 27 Staves
 O Level 27 Ranged Weapons
 O Level 27 Throwing
 O Level 27 Armour
 O Level 27 Dodging
 O Level 27 Stealth
 O Level 27 Shields
 O Level 27 Unarmed Combat
 O Level 27 Spellcasting
 O Level 27 Conjurations
 O Level 27 Hexes
 O Level 27 Summonings
 O Level 27 Necromancy
 O Level 27 Translocations
 O Level 27 Transmutations
 O Level 27 Fire Magic
 O Level 27 Ice Magic
 O Level 27 Air Magic
 O Level 27 Earth Magic
 O Level 27 Poison Magic
 O Level 27 Invocations
 O Level 27 Evocations
 O Level 27 Shapeshifting


You had 73 spell levels left.
You knew the following spells:

 Your Spells              Type           Power      Damage    Failure   Level
a - Manifold Assault      Tloc           94%        N/A       0%          4
b - Vhi's Electric Charg  Tloc/Air       100%       N/A       0%          3

Your spell library contained the following spells:

 Spells                   Type           Power      Damage    Failure   Level
 Blink                    Tloc           100%       N/A       0%          2
 Lesser Beckoning         Tloc           100%       N/A       0%          2
 Teleport Other           Tloc           94%        N/A       0%          3


Dungeon Overview and Level Annotations

Branches:
Dungeon (1/1)

Altars:
Makhleb


Innate Abilities, Weirdness & Mutations

You are small and have problems with some larger weapons.
You are completely attuned to the shadows.


Message History

You feel extremely sick.
You hear a shout!
The scourge throws poison sting at you. The poison arrow hits you!!!
You are more poisoned.
You hear a shout!
The dread throws damnation at you.
The sphere of damnation explodes!
The damnation engulfs you!
A vile comes into view. It is wielding a +0 mace.
You hear a shout! x2
The eight-headed meat hydra calls on the powers of darkness!
The eight-headed meat hydra convulses!
The scourge convulses!
Your body is wracked with pain!
The bag of meat convulses!
You hear a shout!
The scourge throws poison sting at you. The poison arrow hits you!!!
You are more poisoned.
* * * LOW HITPOINT WARNING * * *
You hear a shout!
You slash the bag of meat!
You dissect the bag of meat like a pig carcass.
You kill the bag of meat!
Makhleb accepts your kill.
You hit the destroyer.
You pulverise the destroyer into a thin bloody mist.
You destroy the destroyer!
Makhleb accepts your kill.
You feel better.
* * * LOW HITPOINT WARNING * * *
You feel extremely sick.
You hear a shout! x2
An eight-headed meat hydra comes into view.
A meat berserker comes into view. It is wielding a +9 battleaxe.
You hear a shout! x2
You are more confused.
You hear a shout! x2
Unknown command.
Unknown command.
You bump into the rock wall.
You die...

.. ..# ....D.# ..###...
#.)...# ..._....
O.)D..........# #.....# ..
.S#.#.))......# #_.<._#...
.)p)o..†...†..# #.....#...
.)W))#..†.)...# ..._......
.9.)@)W.)..)).# ..###.....
..#)DS#).#.)..# ....)).###
.......#..)).# .......#
.........#)...# .......#..
........#.....# ...........
....).........#
)..........#...#.)....##..#
)))....zXz#)†).#..)..##...#
.)..☼))°##§))..#..)..#....#


You could see 2 eight-headed meat hydras, 2 scourges, a fleshlord, a dread, a
vile (fast), a meat berserker (berserk), a wretched soul (invisible) and a bag
of meat.

Vanquished Creatures
  4 molten gargoyles (D)
  Dispater (D)
  6 hell knights (D)
  4 hell beasts (D)
  5 royal mummies (D)
  13 great orbs of eyes (D)
  11 wraiths (D)
  12 vampire knights (D)
  32 ogres (D)
  5 two-headed ogres (D)
  6 liches (D)
  12 hydras (D)
  10 phantoms (D)
  62 orcs (D)
  6 skeletal warriors (D)
  8 sea snakes (D)
197 creatures vanquished.

Vanquished Creatures (collateral kills)
  An orc (D)
1 creature vanquished.

Grand Total: 198 creatures vanquished

Notes
Turn   | Place    | Note
-------+----------+-------------------------------------------
     0 | D        | Found the +∞ Axe of Woe
     0 | D        | Monkooky the Kobold Warper began the quest for the Orb.
     0 | D        | Reached XP level 1. HP: 12/12 MP: 3/3
     3 | D        | Became a worshipper of Makhleb the Destroyer
     4 | D        | Noticed a bag of meat
     4 | D        | Noticed a bag of meat
     6 | D        | Killed a bag of meat
     7 | D        | Reached skill level 15 in Axes
     7 | D        | Reached XP level 2. HP: 17/17 MP: 5/5
     7 | D        | Reached XP level 3. HP: 21/21 MP: 6/6
     7 | D        | Reached XP level 4. HP: 26/26 MP: 7/7
     7 | D        | Reached XP level 5. HP: 30/30 MP: 8/8
     7 | D        | Reached XP level 6. HP: 35/35 MP: 9/9
     7 | D        | Reached XP level 7. HP: 40/40 MP: 10/10
     7 | D        | Reached XP level 8. HP: 44/44 MP: 11/11
     7 | D        | Reached XP level 9. HP: 48/48 MP: 12/12
     7 | D        | Reached XP level 10. HP: 53/53 MP: 13/13
     7 | D        | Reached XP level 11. HP: 57/57 MP: 14/14
     7 | D        | Killed a bag of meat
     7 | D        | Reached * piety under Makhleb
     8 | D        | Reached skill level 27 in Stealth
     8 | D        | Reached XP level 12. HP: 62/62 MP: 15/15
     8 | D        | Noticed a bag of meat
     8 | D        | Noticed a bag of meat
     9 | D        | Noticed a bag of meat
     9 | D        | Noticed a bag of meat
    10 | D        | Noticed a bag of meat
    10 | D        | Noticed a meat berserker
    11 | D        | Noticed a bag of meat
    14 | D        | Killed a bag of meat
    15 | D        | Reached XP level 13. HP: 66/66 MP: 16/16
    15 | D        | Killed a meat berserker
    15 | D        | Noticed a meat berserker
    15 | D        | Noticed a bag of meat
    16 | D        | Reached XP level 14. HP: 72/72 MP: 17/17
    16 | D        | Noticed a bag of meat
    16 | D        | Noticed a meat berserker
    17 | D        | Noticed a bag of meat
    18 | D        | Killed a meat berserker
    18 | D        | Reached ** piety under Makhleb
    19 | D        | Reached skill level 27 in Axes
    19 | D        | Killed a bag of meat
    19 | D        | Killed a bag of meat
    20 | D        | Reached XP level 15. HP: 76/76 MP: 17/28
    20 | D        | Reached *** piety under Makhleb
    21 | D        | Killed a meat berserker
    21 | D        | Noticed a meat berserker
    22 | D        | Reached XP level 16. HP: 80/80 MP: 17/33
    22 | D        | Reached **** piety under Makhleb
    23 | D        | Reached skill level 27 in Invocations
    23 | D        | Reached XP level 17. HP: 108/108 MP: 17/34
    24 | D        | Noticed a meat berserker
    25 | D        | Killed a meat berserker
    25 | D        | Reached ***** piety under Makhleb
    26 | D        | Killed a meat berserker
    27 | D        | Reached skill level 27 in Dodging
    27 | D        | Reached XP level 18. HP: 137/137 MP: 18/35
    29 | D        | Reached skill level 27 in Fighting
    30 | D        | Reached skill level 10 in Translocations
    30 | D        | Reached ****** piety under Makhleb
    30 | D        | Noticed a destroyer
    31 | D        | Reached XP level 19. HP: 151/151 MP: 19/36
    31 | D        | Noticed a meat berserker
    31 | D        | Noticed a destroyer
    36 | D        | Killed a meat berserker
    37 | D        | Reached skill level 15 in Spellcasting
    37 | D        | Reached skill level 15 in Translocations
    38 | D        | Killed a destroyer
    39 | D        | Reached skill level 15 in Armour
    42 | D        | Noticed a sculptor of flesh
    44 | D        | Learned a level 4 spell: Manifold Assault
    45 | D        | Noticed a meat berserker
    47 | D        | Noticed an accursed
    48 | D        | Learned a level 3 spell: Vhi's Electric Charge
    48 | D        | Noticed a large bag of meat
    49 | D        | Killed a large bag of meat
    49 | D        | Killed an accursed
    49 | D        | Killed a meat berserker
    49 | D        | Noticed a meat berserker
    50 | D        | Reached XP level 20. HP: 129/157 MP: 19/48
    50 | D        | Killed a meat berserker
    51 | D        | Reached XP level 21. HP: 163/163 MP: 16/51
    63 | D        | Noticed a large bag of meat
    64 | D        | Noticed a meat berserker
    64 | D        | Killed a meat berserker
    64 | D        | Killed a large bag of meat
    64 | D        | Noticed a tyrant
    64 | D        | Noticed a meat berserker
    65 | D        | Reached skill level 27 in Armour
    65 | D        | Reached skill level 27 in Spellcasting
    65 | D        | Reached skill level 27 in Translocations
    65 | D        | Noticed a meat berserker
    66 | D        | Killed a meat berserker
    66 | D        | Noticed a large bag of meat
    67 | D        | Reached skill level 5 in Ranged Weapons
    67 | D        | Reached skill level 5 in Throwing
    67 | D        | Reached skill level 5 in Evocations
    67 | D        | Reached XP level 22. HP: 169/169 MP: 12/53
    67 | D        | Noticed a destroyer
    68 | D        | Killed a tyrant
    69 | D        | Reached skill level 5 in Maces & Flails
    69 | D        | Reached skill level 5 in Staves
    69 | D        | Reached skill level 5 in Shields
    69 | D        | Reached skill level 5 in Shapeshifting
    70 | D        | Reached skill level 5 in Long Blades
    70 | D        | Reached skill level 5 in Polearms
    71 | D        | Noticed a meat berserker
    71 | D        | Noticed a meat beast
    72 | D        | Reached skill level 10 in Short Blades
    72 | D        | Killed a meat berserker
    72 | D        | Killed a destroyer
    72 | D        | Noticed a meat berserker
    73 | D        | Reached skill level 10 in Ranged Weapons
    73 | D        | Reached skill level 10 in Throwing
    73 | D        | Reached XP level 23. HP: 156/175 MP: 14/54
    73 | D        | Killed a meat beast
    73 | D        | Killed a large bag of meat
    73 | D        | Noticed a large bag of meat
    74 | D        | Reached skill level 15 in Short Blades
    74 | D        | Reached skill level 10 in Maces & Flails
    74 | D        | Reached skill level 10 in Staves
    74 | D        | Reached skill level 10 in Shields
    74 | D        | Reached skill level 10 in Shapeshifting
    74 | D        | Reached XP level 24. HP: 134/181 MP: 14/54
    74 | D        | Noticed a destroyer
    76 | D        | Killed a destroyer
    77 | D        | Reached skill level 10 in Long Blades
    77 | D        | Reached skill level 10 in Polearms
    77 | D        | Reached skill level 15 in Ranged Weapons
    77 | D        | Reached skill level 15 in Evocations
    79 | D        | Killed a large bag of meat
    80 | D        | Reached skill level 15 in Throwing
    82 | D        | Reached XP level 25. HP: 187/187 MP: 16/54
    82 | D        | Killed a destroyer
    83 | D        | Reached skill level 15 in Unarmed Combat
    83 | D        | Reached skill level 15 in Conjurations
    83 | D        | Reached skill level 15 in Hexes
    83 | D        | Reached skill level 15 in Summonings
    83 | D        | Reached skill level 15 in Necromancy
    83 | D        | Reached skill level 15 in Transmutations
    83 | D        | Reached skill level 15 in Fire Magic
    83 | D        | Reached skill level 15 in Ice Magic
    83 | D        | Reached skill level 15 in Air Magic
    83 | D        | Reached skill level 15 in Earth Magic
    83 | D        | Reached skill level 15 in Poison Magic
    85 | D        | Noticed a destroyer
    88 | D        | Reached XP level 26. HP: 193/193 MP: 18/54
    92 | D        | Noticed a tyrant
    92 | D        | Noticed a destroyer
    93 | D        | Reached skill level 15 in Shields
    93 | D        | Reached skill level 15 in Shapeshifting
    93 | D        | Killed a destroyer
    94 | D        | Reached skill level 15 in Maces & Flails
    94 | D        | Reached skill level 15 in Staves
    94 | D        | Noticed a destroyer
    95 | D        | Killed a destroyer
    96 | D        | Reached XP level 27. HP: 129/199 MP: 20/54
    96 | D        | Killed a destroyer
    96 | D        | Noticed a dread
    99 | D        | Reached skill level 15 in Long Blades
    99 | D        | Reached skill level 15 in Polearms
   103 | D        | Killed a tyrant
   106 | D        | Noticed a destroyer
   108 | D        | Killed a destroyer
   108 | D        | Noticed a dread
   109 | D        | Killed a dread
   109 | D        | Noticed a meat beast
   110 | D        | Reached skill level 27 in Short Blades
   111 | D        | Noticed a dread
   112 | D        | Noticed a dread
   112 | D        | Killed a meat beast
   113 | D        | Reached skill level 27 in Evocations
   115 | D        | Reached skill level 27 in Ranged Weapons
   116 | D        | Killed a dread
   117 | D        | Killed a dread
   118 | D        | Noticed a fleshlord
   119 | D        | Killed a dread
   121 | D        | Noticed a fleshlord
   122 | D        | Killed a fleshlord
   122 | D        | Killed a fleshlord
   123 | D        | Reached skill level 27 in Throwing
   123 | D        | Reached skill level 27 in Unarmed Combat
   123 | D        | Reached skill level 27 in Conjurations
   123 | D        | Reached skill level 27 in Hexes
   123 | D        | Reached skill level 27 in Summonings
   123 | D        | Reached skill level 27 in Necromancy
   123 | D        | Reached skill level 27 in Transmutations
   123 | D        | Reached skill level 27 in Fire Magic
   123 | D        | Reached skill level 27 in Ice Magic
   123 | D        | Reached skill level 27 in Air Magic
   123 | D        | Reached skill level 27 in Earth Magic
   123 | D        | Reached skill level 27 in Poison Magic
   123 | D        | Noticed an accursed
   124 | D        | Noticed a fleshlord
   124 | D        | Noticed a tyrant
   127 | D        | Killed a fleshlord
   127 | D        | Noticed a dread
   128 | D        | Reached skill level 27 in Long Blades
   128 | D        | Reached skill level 27 in Maces & Flails
   128 | D        | Reached skill level 27 in Polearms
   128 | D        | Reached skill level 27 in Staves
   128 | D        | Reached skill level 27 in Shields
   128 | D        | Reached skill level 27 in Shapeshifting
   128 | D        | Noticed a tyrant
   130 | D        | Killed a tyrant
   130 | D        | Killed an accursed
   131 | D        | Killed a dread
   134 | D        | Killed a tyrant
   136 | D        | Noticed a dread
   137 | D        | Killed a dread
   141 | D        | Noticed an accursed
   148 | D        | Killed an accursed
   148 | D        | Noticed a destroyer
   149 | D        | Noticed a destroyer
   149 | D        | Noticed an accursed
   149 | D        | Noticed a destroyer
   150 | D        | Killed a destroyer
   151 | D        | Killed a destroyer
   151 | D        | Killed a destroyer
   151 | D        | Killed an accursed
   154 | D        | Noticed a tyrant
   157 | D        | Killed a tyrant
   158 | D        | Noticed a large bag of meat
   159 | D        | Noticed a dread
   160 | D        | Killed a large bag of meat
   161 | D        | Noticed a dread
   163 | D        | Killed a dread
   163 | D        | Killed a dread
   163 | D        | Noticed an accursed
   165 | D        | Killed an accursed
   186 | D        | Noticed a fleshlord
   194 | D        | Killed a fleshlord
   203 | D        | Noticed a dread
   205 | D        | Noticed a tyrant
   205 | D        | Noticed The Meatlord
   206 | D        | Killed a tyrant
   206 | D        | Noticed a meat beast
   208 | D        | Killed The Meatlord
   208 | D        | Killed a dread
   208 | D        | Killed a meat beast
   208 | D        | Noticed a dread
   208 | D        | Noticed a meat beast
   209 | D        | Got the Orb of Zot
   209 | D        | Noticed a fleshlord
   210 | D        | Noticed a vile
   210 | D        | Noticed a destroyer
   211 | D        | Noticed a vile
   211 | D        | Noticed a fleshlord
   212 | D        | Killed a meat beast
   212 | D        | Killed a vile
   212 | D        | Noticed a vile
   212 | D        | Noticed a dread
   213 | D        | Killed a vile
   213 | D        | Noticed a vile
   214 | D        | Killed a dread
   214 | D        | Noticed a fleshlord
   215 | D        | Killed a fleshlord
   216 | D        | Noticed a dread
   217 | D        | Killed a vile
   217 | D        | Killed a dread
   217 | D        | Killed a vile
   217 | D        | Killed a fleshlord
   217 | D        | Noticed a vile
   218 | D        | Killed a destroyer
   219 | D        | Succumbed to a scourge's poison arrow

Illustrated notes

Levels and vault maps discovered:
D:        meatsprint

Skill      XL: |  1  2  3  4  5  6  7  8  9 10 11 12 13 14 15 16 17 18 19 20 21 22 23 24 25 26 27 |
---------------+----------------------------------------------------------------------------------+-----
Axes           | 15 18 21 25 27 | 27.0
Stealth        | 24 27 | 27.0
Invocations    | 18 26 27 | 27.0
Fighting       | 13 23 27 | 27.0
Dodging        | 19 27 | 27.0
Armour         | 11 21 22 27 | 27.0
Spellcasting   | 13 24 26 27 | 27.0
Translocations | 13 24 26 27 | 27.0
Short Blades   | 6 12 15 18 20 23 27 | 27.0
Long Blades    | 3 6 9 11 12 14 27 | 27.0
Maces & Flails | 3 7 10 12 13 15 27 | 27.0
Polearms       | 3 6 9 11 12 14 27 | 27.0
Staves         | 3 7 10 12 13 15 27 | 27.0
Ranged Weapons | 5 10 14 16 18 21 27 | 27.0
Throwing       | 5 10 13 16 17 20 27 | 27.0
Shields        | 3 7 10 12 13 15 27 | 27.0
Unarmed Combat | 4 9 12 14 16 18 27 | 27.0
Conjurations   | 4 9 12 14 16 18 27 | 27.0
Hexes          | 4 9 12 14 16 18 27 | 27.0
Summonings     | 4 9 12 14 16 18 27 | 27.0
Necromancy     | 4 9 12 14 16 18 27 | 27.0
Transmutations | 4 9 12 14 16 18 27 | 27.0
Fire Magic     | 4 9 12 14 16 18 27 | 27.0
Ice Magic      | 4 9 12 14 16 18 27 | 27.0
Air Magic      | 4 9 12 14 16 18 27 | 27.0
Earth Magic    | 4 9 12 14 16 18 27 | 27.0
Poison Magic   | 4 9 12 14 16 18 27 | 27.0
Evocations     | 5 11 14 17 19 21 27 | 27.0
Shapeshifting  | 3 7 10 12 13 15 27 | 27.0

Action                     |  1- 3 |  4- 6 |  7- 9 | 10-12 | 13-15 | 16-18 | 19-21 | 22-24 | 25-27 || total
---------------------------+-------+-------+-------+-------+-------+-------+-------+-------+-------++-------
  Melee: Broad axe         |     1 |       |       |     2 |     5 |     6 |    12 |    11 |   108 ||   145
   Cast: Manifold Assault  |       |       |       |       |       |       |     4 |       |    12 ||    16
         Vhi's Electric Ch |       |       |       |       |       |       |       |       |     2 ||     2
 Invoke: Greater Servant o |       |       |       |       |       |       |     4 |       |       ||     4
    Use: Scroll            |       |       |       |       |       |       |     2 |       |       ||     2
   Stab: Distracted        |       |       |       |       |       |       |     1 |       |     2 ||     3
 Armour: Leather armour    |       |       |       |       |       |       |       |       |     2 ||     2
  Dodge: Dodged            |     1 |       |       |       |       |       |       |     2 |    20 ||    23

Table legend: (Time is in decaauts)
 A = Elapsed time spent in this place.
 B = Non-inter-level travel time spent in this place.
 C = Inter-level travel time spent in this place.
 D = Time resting spent in this place.
 E = Time spent auto-exploring this place.
 F = Levels seen in this place.
 G = Mean time per level.
                   A        B        C        D        E       F      G
               +--------+--------+--------+--------+--------+-----+--------+
         Total |    225 |    225 |      0 |      0 |      0 |   1 |  225.0 |
       Dungeon |    225 |    225 |      0 |      0 |      0 |   1 |  225.0 |
               +--------+--------+--------+--------+--------+-----+--------+

Top non-repeatable levels by time:
       D: 225 daAuts
